 Dungeon Crawl Stone Soup version 0.16.1-11-g651b585 (webtiles) character file.

36 Ryushun the Grave Robber (level 3, 0/25 HPs)
             Began as a Formicid Necromancer on Apr 1, 2015.
             Slain by an ooze (3 damage)
             ... on level 2 of the Dungeon.
             The game lasted 00:08:51 (1614 turns).

Ryushun the Grave Robber (Formicid Necromancer)     Turns: 1614, Time: 00:08:51

Health: 0/25       AC:  3    Str: 13    XL:     3   Next: 57%
Magic:  4/7        EV: 11    Int: 14    God:
Gold:   59         SH:  0    Dex: 11    Spells: 2 memorised, 5 levels left

rFire  . . .     SeeInvis +     j - +0 hand axe
rCold  . . .     Clarity  .     x - +0 leather armour
rNeg   . . .     SustAb   .     (no shield)
rPois  .         Gourm    .     (helmet unavailable)
rElec  .         Spirit   .     (no cloak)
rCorr  .         Warding  .     (no gloves)
rMut   .         Stasis   +     (no boots)
MR     .....                    (no amulet)
Stlth  ++........               (no ring)
                                (no ring)

@: not resistant to hostile enchantments, unstealthy
A: permanent stasis, dig shafts and tunnels, four strong arms, antennae 3
a: Dig, Shaft Self


You were on level 2 of the Dungeon.
You were not hungry.

You visited 1 branch of the dungeon, and saw 2 of its levels.

You collected 59 gold pieces.

Inventory:

Hand weapons
 f - a +0 spear
 j - a +0 hand axe (weapon)
 l - a +0 short sword
 p - a cursed +0 club
 r - a +0 short sword
 s - a +0 club
 t - a +0 whip
 v - a +0 spear
 y - a +0 dagger
 z - a +0 whip
Missiles
 i - 2 throwing nets (quivered)
 k - 32 bolts
 m - 5 stones
Armour
 a - a +0 robe
 n - a +0 robe
 q - a +0 leather armour
 x - a +0 leather armour (worn)
Scrolls
 d - a scroll of identify {unknown}
 e - 2 scrolls of remove curse {unknown}
 o - 3 scrolls of recharging {unknown}
 u - a scroll of fog {unknown}
Potions
 w - 2 potions of agility {unknown}
Books
 b - a book of Necromancy

   Spells                             Type                      Level
   a - Pain                           Necromancy                   1
   b - Animate Skeleton               Necromancy                   1
   c - Vampiric Draining              Necromancy                   3
   d - Regeneration                   Charms/Necromancy            3
   e - Animate Dead                   Necromancy                   4
   f - Control Undead                 Necromancy                   4
Comestibles
 c - 2 bread rations
 g - 2 meat rations
 h - 2 fruits


   Skills:
 * Level 0.9 Fighting
 * Level 0.2 Axes
 * Level 0.2 Maces & Flails
 * Level 0.2 Throwing
 * Level 0.4 Armour
 * Level 1.9 Dodging
 * Level 2.7 Stealth
 + Level 2.5 Spellcasting
 + Level 4.3 Necromancy


You had 5 spell levels left.
You knew the following spells:

 Your Spells              Type           Power        Failure   Level  Hunger
a - Pain                  Necr           ##..         8%          1    #......
b - Animate Skeleton      Necr           N/A          8%          1    #......


Dungeon Overview and Level Annotations

Branches:
Dungeon (2/15)

Altars:


Innate Abilities, Weirdness & Mutations

You are under a permanent stasis effect.
You can dig through walls and to a lower floor.
Your four strong arms can wield two-handed weapons with a shield.
You have a pair of large antennae on your head (SInv).


Message History

The ooze hits you.
You completely miss the ooze.
The ooze is lightly wounded.
Your rat skeleton bites the ooze.
The ooze hits you.
* * * LOW HITPOINT WARNING * * *
Something bites the ooze.
The ooze hits you.
* * * LOW HITPOINT WARNING * * *
Unknown command.
Your rat skeleton bites the ooze.
The ooze barely misses you.
You swap places.
The ooze hits your rat skeleton.
Your rat skeleton is destroyed!
You see here 4 gold pieces.
You see here 4 gold pieces.
You now have 59 gold pieces (gained 4).
The ooze closely misses you. The ooze hits you.
* * * LOW HITPOINT WARNING * * *
Your magical contamination has completely faded away.
The ooze hits you.
You die...

{ { # #. #.##########
...##.....##
#.#..###..## ### #...##
##..######.### ..#
##..## ##@...........
#.# ##..## ##J..######
#.# #..## ##..# #.# #.##
##.# #.###.# #.#
......## # ##.#
#.##...###. #..###..#
#.#........###.....%##
#.#<#.#.........##...###


You could see an ooze.

Vanquished Creatures
  A gnoll (D:1)
  3 giant geckos (D:1)
  An ooze (D:2)
  5 goblins (D:1)
  A hobgoblin (D:1)
  2 jackals (D:1)
  2 ball pythons (D:1)
  A bat (D:1)
  A giant cockroach (D:1)
  3 giant newts
  A kobold (D:1)
  2 rats
23 creatures vanquished.

Vanquished Creatures (collateral kills)
  2 ball pythons (D:1)
2 creatures vanquished.

Vanquished Creatures (others)
  A rat skeleton (D:2)
1 creature vanquished.

Grand Total: 26 creatures vanquished

Notes
Turn   | Place    | Note
--------------------------------------------------------------
     0 | D:1      | Ryushun, the Formicid Necromancer, began the quest for the Orb.
     0 | D:1      | Reached XP level 1. HP: 13/13 MP: 3/3
     6 | D:1      | Learned a level 1 spell: Animate Skeleton
   380 | D:1      | Reached XP level 2. HP: 16/19 MP: 0/5
   653 | D:1      | Reached XP level 3. HP: 15/25 MP: 0/7
  1614 | D:2      | Slain by an ooze

Action                   || total
-------------------------++-------
Melee: Unarmed           ||     8
       Hand axe          ||    19
 Cast: Pain              ||    42
       Animate Skeleton  ||    11
  Eat: Chunk             ||     2
       Fruit             ||     1
